 Dungeon Crawl Stone Soup version 0.31-a0-1206-g41278d8d1d (webtiles) character file.

Game seed: 10316842088951121701

195 bmb222 the Ruffian (level 5, 0/33 HPs)
             Began as an Octopode Shapeshifter on Dec 13, 2023.
             Splashed by a jelly's acid (7 damage)
             ... on level 5 of the Dungeon.
             The game lasted 00:03:29 (3189 turns).

bmb222 the Ruffian (Octopode Shapeshifter)          Turns: 3189, Time: 00:03:30

Health: 0/33       AC: -3    Str: 16    XL:     5   Next: 74%
Magic:  5/5        EV: 13    Int: 12    God:
Gold:   215        SH:  5    Dex: 11    Spells: 4/4 levels left

rFire   . .          .
                       - Unarmed
rCold   . . .        (no shield)
rNeg    + . .        (helmet currently unavailable)
rPois   .            s - amulet of reflection
rElec   .            r - ring of positive energy
rCorr   .            u - ring of wizardry
SInv    .            (no ring)
Will    .....        (no ring)
Stlth   +++          (no ring)
HPRegen 0.25/turn    (no ring)
MPRegen 0.09/turn    (no ring)
                     (no ring)

%: reflection, wizardry (x1)
@: beast-form, corroded
A: beast (slay +2), almost no armour, amphibious, 8 rings, camouflage 1,
gelatinous body 1, (nimble swimmer 1), tentacles
a: Begin Untransformation


You were on level 5 of the Dungeon.
You were a hulking beast.
You visited 1 branch of the dungeon, and saw 5 of its levels.

You collected 215 gold pieces.

Inventory:

Missiles
 g - 2 poisoned darts (quivered)
Armour
 w - an orb of wrath
Jewellery
 r - a ring of positive energy (left tentacle)
 s - an amulet of reflection (around mantle)
 u - a ring of wizardry (right tentacle)
Talismans
 b - a beast talisman
 c - a flux talisman
Wands
 a - a wand of iceblast (12)
 n - a wand of paralysis (5)
Scrolls
 f - 3 scrolls of identify {unknown}
 h - a scroll of blinking {unknown}
 k - a scroll of noise {unknown}
 l - 2 scrolls of immolation {unknown}
 o - a scroll of enchant weapon {unknown}
 p - a scroll of teleportation {unknown}
 q - 2 scrolls of revelation {unknown}
 t - a scroll of enchant armour {unknown}
 v - a scroll of poison {unknown}
Potions
 d - 2 potions of attraction {unknown}
 e - a potion of haste {unknown}
 i - a potion of resistance {unknown}
 j - 4 potions of curing {unknown}
 m - a potion of magic {unknown}
 x - a potion of cancellation {unknown}
 z - a potion of mutation {unknown}


   Skills:
 + Level 1.3 Fighting
 + Level 2.6 Dodging
 + Level 2.7 Stealth
 + Level 0.4 Shields
 + Level 4.4 Unarmed Combat
 * Level 0.6 Evocations
 + Level 3.9 Shapeshifting


You had 4 spell levels left.
You didn't know any spells.
Your spell library was empty.

Dungeon Overview and Level Annotations

Branches:
Dungeon (5/15)
 Temple: D:4-7

Altars:

Annotations:
D:4 3 runed translucent doors, DoNotCum's ghost, novice DECj; JumbleTraveling's ghost, amateur GnWn; Pikel; monsoonserge's ghost, novice OpAr; pigah's ghost, amateur OpSh


Innate Abilities, Weirdness & Mutations

You are a hulking beast.
Your limbs bulge with bestial killing power. (Slay +2)
You cannot wear most types of armour.
You are amphibious.
You can wear up to eight rings at the same time.
Your skin changes colour to match your surroundings (Stealth+).
Your rubbery body absorbs attacks. (AC +1, EV +1)
((You are camouflaged when in or above water. (Stealth+)))
You have tentacles for arms and can constrict up to eight enemies at once.


Message History

The dart slug is severely wounded.
You constrict the dart slug, but do no damage.
The dart slug barely misses you.
You tentacle-slap the dart slug.
You kill the dart slug!
z - a bubbling blue potion
Found a scroll labelled ANUATHETHA.
Found a stone staircase leading down.
f - 3 scrolls labelled ANUATHETHA (gained 1)
There is a stone staircase leading down here.
You climb downwards.
Found a sapphire potion.
There is a stone staircase leading up here.
A jelly comes into view.
The jelly quivers.
You block the adder's attack.
You miss the adder. Your grab misses the adder. The adder bites you.
You are poisoned.
The adder poisons you!
You tentacle-slap the adder. You grab the adder.
The adder is moderately wounded.
You constrict the adder.
You feel sick. The adder closely misses you.
You bludgeon the adder!
You kill the adder!
You feel sick.
You feel sick.
You feel sick.
You are no longer poisoned.
The jelly hits you. The acid corrodes you!
You are splashed with acid!
You tentacle-slap the jelly but do no damage.
Your tentacles burn!
The jelly misses you.
You are too injured to fight recklessly!
You are too injured to fight recklessly!
You are too injured to fight recklessly!
You tentacle-slap the jelly.
Your tentacles burn!
* * * LOW HITPOINT WARNING * * *
The jelly is lightly wounded.
The jelly hits you.
* * * LOW HITPOINT WARNING * * *
The acid corrodes you!
You are splashed with acid!
You die...

#. #.# #.# #.#
#.# ### ##.##
.....####...###.#
......Jh...<....#
####!####...#####
......†..##
##.........
###########


You could see a jelly.

Vanquished Creatures
  A hound (D:4)
  Jessica (D:3)
  An iguana (D:3)
  4 adders
  2 worms
  3 dart slugs
  6 ball pythons
  3 endoplasms
  3 giant cockroaches
  5 goblins
  5 hobgoblins
  3 jackals (D:2)
  7 kobolds
  4 quokkas
  10 bats
  6 frilled lizards
  2 rats
66 creatures vanquished.

Notes
Turn   | Place    | Note
-------+----------+-------------------------------------------
     0 | D:1      | bmb222 the Octopode Shapeshifter began the quest for the
                  | Orb.
     0 | D:1      | Reached XP level 1. HP: 13/13 MP: 1/1
   134 | D:1      | Reached XP level 2. HP: 18/18 MP: 2/2
   525 | D:1      | Reached XP level 3. HP: 17/23 MP: 3/3
   824 | D:2      | Reached skill level 1 in Stealth
  1116 | D:2      | Reached XP level 4. HP: 28/28 MP: 4/4
  1864 | D:3      | Noticed Jessica
  1869 | D:3      | Killed Jessica
  1870 | D:3      | Reached skill level 4 in Unarmed Combat
  1870 | D:3      | Reached XP level 5. HP: 30/33 MP: 5/5
  1999 | D:4      | Noticed DoNotCum's ghost (novice DECj)
  1999 | D:4      | Noticed pigah's ghost (amateur OpSh)
  1999 | D:4      | Noticed a black bear
  1999 | D:4      | Found a runed translucent gate.
  1999 | D:4      | Found a runed translucent gate.
  1999 | D:4      | Found a runed translucent gate.
  2003 | D:4      | Noticed monsoonserge's ghost (novice OpAr)
  2658 | D:4      | Noticed a lemure
  2659 | D:4      | Noticed a lemure
  2935 | D:4      | Noticed Pikel
  3143 | D:4      | Noticed JumbleTraveling's ghost (amateur GnWn)
  3180 | D:5      | Entered Level 5 of the Dungeon
  3189 | D:5      | Splashed by a jelly's acid

Illustrated notes

Levels and vault maps discovered:
D:1:      dpeg_arrival_lava_temple_mockup, layout_rooms
D:2:      layout_basic, minivault_5
D:3:      layout_basic, uniq_jessica
D:4:      layout_rooms, gammafunk_ghost_cemetery, sigmund_edmund_badplayer,
          uniq_pikel, uniq_sigmund
D:5:      layout_loops_ring, nzn_wu_jian_council_hall, uniq_edmund, uniq_grinder

Skill      XL: |  1  2  3  4 |
---------------+-------------+-----
Stealth        | 1 2 |  2.7
Unarmed Combat | 4 |  4.4
Fighting       | |  1.3
Dodging        | |  2.6
Shields        | |  0.4
Evocations     | |  0.6
Shapeshifting  | |  3.9

Action                     |  1- 3 |  4- 6 || total
---------------------------+-------+-------++-------
  Melee: Unarmed           |    81 |    45 ||   126
         Constrict         |    20 |    12 ||    32
         Tentacles         |    13 |     6 ||    19
         Punch             |       |     5 ||     5
  Throw: Dart              |       |     4 ||     4
    Use: Potion            |       |     1 ||     1
   Stab: Sleeping          |     7 |     2 ||     9
         Distracted        |       |     1 ||     1
 Armour: Skin              |    33 |    14 ||    47
  Dodge: Dodged            |    64 |    22 ||    86
  Block: Other             |       |     6 ||     6

Table legend: (Time is in decaauts)
 A = Elapsed time spent in this place.
 B = Non-inter-level travel time spent in this place.
 C = Inter-level travel time spent in this place.
 D = Time resting spent in this place.
 E = Time spent auto-exploring this place.
 F = Levels seen in this place.
 G = Mean time per level.
                   A        B        C        D        E       F      G
               +--------+--------+--------+--------+--------+-----+--------+
         Total |   3180 |   3023 |    157 |    947 |   1544 |   5 |  636.0 |
       Dungeon |   3180 |   3023 |    157 |    947 |   1544 |   5 |  636.0 |
               +--------+--------+--------+--------+--------+-----+--------+

Top non-repeatable levels by time:
     D:3: 1209 daAuts
     D:2: 742 daAuts
     D:1: 645 daAuts
     D:4: 574 daAuts
     D:5: 8 daAuts
